 Dungeon Crawl Stone Soup version 0.24.1-8-ga250c9d538 (webtiles) character file.

Game seed: 8257409521984719866, levelgen mode: deterministic

219 Peloso the Shield-Bearer (level 5, 0/47 HPs)
             Began as a Gnoll Fighter on May 6, 2020.
             Succumbed to a worker ant's poison
             ... on level 6 of the Dungeon.
             The game lasted 00:04:27 (2407 turns).

Peloso the Shield-Bearer (Gnoll Fighter)            Turns: 2407, Time: 00:04:27

Health: 0/47       AC: 10    Str: 19    XL:     5   Next: 96%
Magic:  7/7        EV:  6    Int:  9    God:
Gold:   113        SH: 10    Dex: 14    Spells: 7/7 levels left

rFire    . . .     SeeInvis .   a - +0 long sword
rCold    . . .     Gourm    .   c - +0 shield
rNeg     . . .     Faith    .   i - +0 chain mail
rPois    .         Spirit   .   (helmet restricted)
rElec    .         Reflect  .   (no cloak)
rCorr    .         Harm     .   (no gloves)
MR       .....                  (no boots)
Stlth    ..........             (no amulet)
HPRegen  0.15/turn              (no ring)
MPRegen  0.10/turn              (no ring)

@: lethally poisoned (0 -> -5)
A: distributed training, antennae 1, claws 1, fangs 1, dopey 1, MP-powered
wands, strong nose
a: no special abilities


You were on level 6 of the Dungeon.
You were very hungry.

You visited 1 branch of the dungeon, and saw 5 of its levels.

You collected 113 gold pieces.

Inventory:

Hand Weapons
 a - a +0 long sword (weapon)
Armour
 b - a +0 scale mail
 c - a +0 shield (worn)
 i - a +0 chain mail (worn)
Scrolls
 e - 2 scrolls of random uselessness {unknown}
 h - 3 scrolls of identify {unknown}
 j - 2 scrolls of fog {unknown}
 k - 2 scrolls of blinking {unknown}
 l - 2 scrolls of teleportation {unknown}
 m - a scroll of remove curse {unknown}
 n - a scroll of fear {unknown}
 p - a scroll of enchant armour {unknown}
Potions
 d - a potion of might
 g - a potion of haste
 o - a potion of resistance
Comestibles
 f - 3 rations


   Skills:
 + Level 6.7 Fighting
 + Level 1.6 Short Blades
 + Level 4.8 Long Blades
 + Level 1.6 Axes
 + Level 1.6 Maces & Flails
 + Level 1.6 Polearms
 + Level 1.6 Staves
 + Level 1.6 Slings
 + Level 1.6 Bows
 + Level 1.6 Crossbows
 + Level 1.6 Throwing
 + Level 6.7 Armour
 + Level 1.6 Dodging
 + Level 1.6 Stealth
 + Level 6.7 Shields
 + Level 1.6 Unarmed Combat
 + Level 1.6 Spellcasting
 + Level 1.3 Conjurations
 + Level 1.3 Hexes
 + Level 1.3 Charms
 + Level 1.3 Summonings
 + Level 1.3 Necromancy
 + Level 1.3 Translocations
 + Level 1.3 Transmutations
 + Level 1.3 Fire Magic
 + Level 1.3 Ice Magic
 + Level 1.3 Air Magic
 + Level 1.3 Earth Magic
 + Level 1.3 Poison Magic
 + Level 1.9 Invocations
 + Level 1.6 Evocations


You had 7 spell levels left.
You didn't know any spells.
Your spell library was empty.

Dungeon Overview and Level Annotations

Branches:
Dungeon (6/15)
 Temple: D:4-7

Altars:
Ru
The Shining One

Annotations:
D:3 2 runed translucent doors, letownia's ghost, weakling GnEE


Innate Abilities, Weirdness & Mutations

Your experience applies equally to all skills.
You have very sharp teeth.
Your uncanny sense of smell can sniff out nearby items.
You have a pair of small antennae on your head.
You have sharp fingernails.
You are dopey. (Int -2)
You expend magic power (3 MP) to strengthen your wands.


Message History

You block the worker ant's attack.
The centaur hits you but does no damage.
Something hits you but does no damage. The worker ant bites you.
* * * LOW HITPOINT WARNING * * *
You block the centaur's attack. Something hits you but does no damage.
The centaur barely misses you. The worker ant barely misses you.
The centaur hits you but does no damage.
Something hits you but does no damage. The worker ant barely misses you.
The centaur closely misses you.
You riposte.
You barely miss the centaur. You block the worker ant's attack.
Something hits you but does no damage. You block the centaur's attack.
The worker ant bites you but does no damage.
The centaur hits you but does no damage.
Something hits you but does no damage. You block the centaur's attack.
The worker ant bites you.
* * * LOW HITPOINT WARNING * * *
You are lethally poisoned!
The worker ant poisons you!
You die...

.. #. ####.##
.....#
##..###############
#...(..............
#.#.###############
#..###{#(# #
......a@#.....# #
##....c#.####.# #
....... .# #
#####.# .# #. .# #.
.# ### . .# #.. .
## #.#


You could see a centaur and a worker ant.

Vanquished Creatures
  A scorpion (D:6)
  An iguana (D:4)
  4 adders
  2 oozes (D:3)
  An adder skeleton (D:4)
  4 worms (D:2)
  2 dart slugs
  3 leopard geckos
  2 orcs
  8 ball pythons (D:2)
  6 giant cockroaches
  7 goblins
  5 hobgoblins
  7 jackals
  10 bats
  5 frilled lizards
  7 kobolds
  12 rats
87 creatures vanquished.

Notes
Turn   | Place    | Note
-------+----------+-------------------------------------------
     0 | D:1      | Peloso the Gnoll Fighter began the quest for the Orb.
     0 | D:1      | Reached XP level 1. HP: 23/23 MP: 1/1
   210 | D:1      | Reached XP level 2. HP: 29/29 MP: 2/2
   445 | D:1      | Reached XP level 3. HP: 33/35 MP: 3/3
   639 | D:2      | Reached skill level 1 in Invocations
   652 | D:2      | Reached skill level 1 in Short Blades
   652 | D:2      | Reached skill level 1 in Axes
   652 | D:2      | Reached skill level 1 in Maces & Flails
   652 | D:2      | Reached skill level 1 in Polearms
   652 | D:2      | Reached skill level 1 in Staves
   652 | D:2      | Reached skill level 1 in Slings
   652 | D:2      | Reached skill level 1 in Bows
   652 | D:2      | Reached skill level 1 in Crossbows
   652 | D:2      | Reached skill level 1 in Throwing
   652 | D:2      | Reached skill level 1 in Dodging
   652 | D:2      | Reached skill level 1 in Stealth
   652 | D:2      | Reached skill level 1 in Unarmed Combat
   652 | D:2      | Reached skill level 1 in Spellcasting
   652 | D:2      | Reached skill level 1 in Evocations
   791 | D:2      | Reached XP level 4. HP: 41/41 MP: 5/5
  1026 | D:2      | Found a sacrificial altar of Ru.
  1245 | D:2      | Reached skill level 1 in Conjurations
  1245 | D:2      | Reached skill level 1 in Hexes
  1245 | D:2      | Reached skill level 1 in Charms
  1245 | D:2      | Reached skill level 1 in Summonings
  1245 | D:2      | Reached skill level 1 in Necromancy
  1245 | D:2      | Reached skill level 1 in Translocations
  1245 | D:2      | Reached skill level 1 in Transmutations
  1245 | D:2      | Reached skill level 1 in Fire Magic
  1245 | D:2      | Reached skill level 1 in Ice Magic
  1245 | D:2      | Reached skill level 1 in Air Magic
  1245 | D:2      | Reached skill level 1 in Earth Magic
  1245 | D:2      | Reached skill level 1 in Poison Magic
  1534 | D:3      | Found a runed translucent door.
  1534 | D:3      | Noticed letownia's ghost (weakling GnEE)
  1604 | D:3      | Reached XP level 5. HP: 45/47 MP: 6/6
  1720 | D:3      | Found a runed translucent door.
  2274 | D:4      | Found a glowing golden altar of the Shining One.
  2317 | D:4      | You fall into a shaft and drop 2 floors!
  2334 | D:6      | Gained mutation: You expend magic power (3 MP) to
                  | strengthen your wands. [potion of mutation]
  2334 | D:6      | Gained mutation: You are dopey. (Int -2) [potion of
                  | mutation]
  2334 | D:6      | Gained mutation: You have sharp fingernails. [potion of
                  | mutation]
  2334 | D:6      | Gained mutation: You have a pair of small antennae on your
                  | head. [potion of mutation]
  2391 | D:6      | Noticed a centaur
  2394 | D:6      | Noticed a sky beast
  2406 | D:6      | HP: 1/47 [worker ant (5)]
  2407 | D:6      | Succumbed to a worker ant's poison

Levels and vault maps discovered:
D:1:      lemuel_arrival_funnel, layout_basic
D:2:      layout_basic, nicolae_ru_great_annihilating_truth,
          minmay_shallow_snake_nest
D:3:      layout_loops_ring, first_ration, ebering_ghost_sewer_f
D:4:      layout_cave_pools, overflow_temple_1_default, serial_undead,
          serial_undead_c, serial_undead_a, serial_undead_f, serial_undead_d,
          uniq_blork_the_orc, uniq_crazy_yiuf_cottage, uniq_grinder,
          uniq_natasha
D:6:      layout_loops_ring

Skill      XL: |  1  2  3  4 |
---------------+-------------+-----
Invocations    | 1 |  1.9
Short Blades   | 1 |  1.6
Axes           | 1 |  1.6
Maces & Flails | 1 |  1.6
Polearms       | 1 |  1.6
Staves         | 1 |  1.6
Slings         | 1 |  1.6
Bows           | 1 |  1.6
Crossbows      | 1 |  1.6
Throwing       | 1 |  1.6
Dodging        | 1 |  1.6
Stealth        | 1 |  1.6
Unarmed Combat | 1 |  1.6
Spellcasting   | 1 |  1.6
Evocations     | 1 |  1.6
Conjurations   | 1 |  1.3
Hexes          | 1 |  1.3
Charms         | 1 |  1.3
Summonings     | 1 |  1.3
Necromancy     | 1 |  1.3
Translocations | 1 |  1.3
Transmutations | 1 |  1.3
Fire Magic     | 1 |  1.3
Ice Magic      | 1 |  1.3
Air Magic      | 1 |  1.3
Earth Magic    | 1 |  1.3
Poison Magic   | 1 |  1.3
Fighting       | |  6.7
Long Blades    | |  4.8
Armour         | |  6.7
Shields        | |  6.7

Action                   |  1- 3 |  4- 6 || total
-------------------------+-------+-------++-------
Melee: Long sword        |   101 |   145 ||   246
       Bite              |    14 |    17 ||    31
  Use: Potion            |       |     4 ||     4
 Stab: Invisible         |       |     1 ||     1
       Paralysed         |       |     1 ||     1
  Eat: Chunk             |       |     4 ||     4
Armor: Scale mail        |     3 |       ||     3
       Chain mail        |    70 |    86 ||   156
Dodge: Dodged            |    35 |    39 ||    74
Block: Shield            |    86 |   100 ||   186
       Rpst.: Long sword |    11 |    14 ||    25
